 Dungeon Crawl Stone Soup version 0.22.0-13-g43fe8f2 (webtiles) character file.

17862 Amnesiac the Thrower (level 12, -1/78 HPs)
             Began as a Mummy Assassin on Aug 17, 2018.
             Was a High Priest of Okawaru.
             Slain by Rupert
             ... wielding a +1 triple sword of holy wrath
              (29 damage)
             ... on level 2 of the Orcish Mines.
             The game lasted 00:34:10 (15001 turns).

Amnesiac the Thrower (Mummy Assassin)              Turns: 15001, Time: 00:34:11

Health: -1/78      AC: 14    Str: 20    XL:     12   Next: 22%
Magic:  10/15      EV: 19    Int: 13    God:    Okawaru [*****.]
Gold:   974        SH:  6    Dex: 15    Spells: 11/11 levels left

rFire    + . .     SeeInvis .   b - +0 blowgun
rCold    + + .     Gourm    .   c - +0 buckler
rNeg     + + +     Faith    .   B - +3 leather armour {rF+}
rPois    ∞         Spirit   .   C - +2 hat {Int+3}
rElec    +         Reflect  .   d - +0 cloak
rCorr    .         Harm     .   E - +0 pair of gloves
MR       +....                  h - +0 pair of boots
Stlth    ++++......             (no amulet)
HPRegen  0.23/turn              y - ring "Wuopp" {rPois rF+ rC+ rN+ Dex+2}
MPRegen  0.14/turn              s - ring "Ropaozuw" {Wiz +Fly rElec Slay+3}

@: heroism, finesse
A: no food or potions, fire vulnerability, cold resistance 1, negative energy
resistance 3, torment resistance, unbreathing
a: Heroism, Finesse, Renounce Religion, Evoke Flight


You were on level 2 of the Orcish Mines.
You worshipped Okawaru.
Okawaru was extremely pleased with you.
You were not hungry.

You visited 3 branches of the dungeon, and saw 13 of its levels.
You also visited: Ossuary.

You collected 974 gold pieces.

Inventory:

Hand Weapons
 a - a +1 hunting sling of freezing
 b - a +0 blowgun (weapon)
 w - a +2 dagger of electrocution
Missiles
 e - 20 tomahawks
 i - 338 stones
 k - 3 silver javelins
 m - 2 javelins
 o - 22 poisoned needles
 A - 5 silver tomahawks
 F - 7 sling bullets
 K - 2 tomahawks of returning (quivered)
Armour
 c - a +0 buckler (worn)
 d - a +0 cloak (worn)
 h - a +0 pair of boots (worn)
 B - a +3 leather armour of fire resistance (worn)
 C - a +2 hat of intelligence (worn)
 E - a +0 pair of gloves (worn)
Jewellery
 j - an uncursed ring of fire
 s - the ring "Ropaozuw" (right hand) {Wiz +Fly rElec Slay+3}
   (You took it off a gnoll on level 4 of the Dungeon)

   [ring of wizardry]

   It improves your spell success rate.
   It affects your accuracy and damage with ranged weapons and melee attacks
   (+3).
   It insulates you from electricity.
   It lets you fly.
 y - the ring "Wuopp" (left hand) {rPois rF+ rC+ rN+ Dex+2}
   (You found it on level 7 of the Dungeon)

   [ring of positive energy]

   It affects your dexterity (+2).
   It protects you from fire.
   It protects you from cold.
   It protects you from poison.
   It protects you from negative energy.
Wands
 g - a wand of acid (10)
 r - a wand of iceblast (7)
 z - a wand of enslavement (14)
 D - a wand of flame (20)
 G - a wand of disintegration (5)
Scrolls
 l - 2 scrolls of noise {!r}
 n - 4 scrolls of remove curse {!r}
 p - 2 scrolls of immolation {!r}
 q - 8 scrolls of teleportation {!r}
 t - 5 scrolls of identify {!r}
 u - 3 scrolls of enchant weapon {!r}
 v - a scroll of amnesia {!r, unknown}
 x - 3 scrolls of enchant armour {!r}
 H - a scroll of acquirement {!r, unknown}
 I - a scroll of fear {!r, unknown}


   Skills:
 - Level 2.0(7.0) Fighting
 - Level 8.1(13.1) Short Blades
 - Level 10.0(15.0) Throwing
 - Level 7.1(12.1) Armour
 + Level 6.1(11.1) Dodging
 - Level 4.0(9.0) Stealth
 - Level 4.0(9.0) Shields
 * Level 5.0 Invocations


You had 11 spell levels left.
You didn't know any spells.
Your spell library contained the following spells:

 Spells                   Type           Power        Failure   Level  Hunger
 Summon Small Mammal      Summ           #...         14%         1    N/A
 Summon Ice Beast         Ice/Summ       #.......     77%         4    N/A
 Call Imp                 Summ           #.......     21%         2    N/A
 Spider Form              Tmut/Pois      #.........   38%         3    N/A
 Blade Hands              Tmut           #.........   97%         5    N/A
 Ice Form                 Ice/Tmut       #.......     77%         4    N/A
 Sticks to Snakes         Tmut           #.......     21%         2    N/A
 Call Canine Familiar     Summ           #.......     38%         3    N/A
 Beastly Appendage        Tmut           #.....       14%         1    N/A
 Summon Lightning Spire   Summ/Air       #.......     77%         4    N/A
 Summon Guardian Golem    Hex/Summ       #.......     38%         3    N/A

Dungeon Overview and Level Annotations

Branches:
Dungeon (10/15)            Temple (1/1) D:4             Orc (2/2) D:10
   Lair: D:8-11         Elf: Orc:2

Altars:
Ashenzari
Cheibriados
Dithmenos
Elyvilon
Fedhas
Gozag
Hepliaklqana
Kikubaaqudgha
Makhleb
Nemelex Xobeh
Okawaru
Qazlal
Ru
Sif Muna
Trog
Uskayaw
Vehumet
Wu Jian
Xom
Yredelemnul
Zin
The Shining One
Beogh

Shops:
D:9 !   D:10 :

Annotations:
Orc:2 Rupert


Innate Abilities, Weirdness & Mutations

You do not eat or drink.
Your flesh is vulnerable to fire.
You are immune to poison.
Your flesh is cold resistant. (rC+)
You are immune to negative energy. (rN+++)
You are immune to unholy pain and torment.
You can survive without breathing.


Message History

Throwing (i - inventory. (/) - cycle)
K - 3 tomahawks of returning (quivered)
Press: ? - help, Shift-Dir - straight line, f/p - Rupert
Aim: Rupert, wielding a triple sword of holy wrath and wearing a scale mail (severely wounded, berserk, fast, unusually strong, poisoned)
You throw a tomahawk of returning. The tomahawk of returning hits Rupert!
Rupert is severely wounded.
The tomahawk of returning returns to your pack!
Rupert barely misses you.
Unknown command.
Throwing (i - inventory. (/) - cycle)
K - 3 tomahawks of returning (quivered)
Press: ? - help, Shift-Dir - straight line, f/p - Rupert
Aim: Rupert, wielding a triple sword of holy wrath and wearing a scale mail (severely wounded, berserk, fast, unusually strong, poisoned)
You throw a tomahawk of returning. The tomahawk of returning hits Rupert.
Rupert is almost dead.
The tomahawk of returning returns to your pack!
Unknown command.
Throwing (i - inventory. (/) - cycle)
K - 3 tomahawks of returning (quivered)
Press: ? - help, Shift-Dir - straight line, f/p - Rupert
Aim: Rupert, wielding a triple sword of holy wrath and wearing a scale mail (almost dead, berserk, fast, unusually strong, poisoned)
You throw a tomahawk of returning.
The tomahawk of returning closely misses Rupert.
The tomahawk of returning returns to your pack!
Rupert hits you with a triple sword of holy wrath.
You convulse.
Unknown command.
Throwing (i - inventory. (/) - cycle)
K - 3 tomahawks of returning (quivered)
Press: ? - help, Shift-Dir - straight line, f/p - Rupert
Aim: Rupert, wielding a triple sword of holy wrath and wearing a scale mail (severely wounded, berserk, fast, unusually strong, poisoned)
You throw a tomahawk of returning.
The tomahawk of returning barely misses Rupert.
The tomahawk of returning returns to your pack!
Unknown command.
Throwing (i - inventory. (/) - cycle)
K - 3 tomahawks of returning (quivered)
Press: ? - help, Shift-Dir - straight line, f/p - Rupert
Aim: Rupert, wielding a triple sword of holy wrath and wearing a scale mail (severely wounded, berserk, fast, unusually strong, poisoned)
You throw a tomahawk of returning. The tomahawk of returning hits Rupert.
Rupert is almost dead.
The tomahawk of returning fails to return to your pack!
Unknown command.
Throwing (i - inventory. (/) - cycle)
K - 2 tomahawks of returning (quivered)
Press: ? - help, Shift-Dir - straight line, f/p - Rupert
Aim: Rupert, wielding a triple sword of holy wrath and wearing a scale mail (almost dead, berserk, fast, unusually strong, poisoned)
You throw a tomahawk of returning. The tomahawk of returning hits Rupert!
Rupert is almost dead.
The tomahawk of returning returns to your pack!
Rupert hits you with a triple sword of holy wrath!!
You convulse!!
* * * LOW HITPOINT WARNING * * *
Unknown command.
Throwing (i - inventory. (/) - cycle)
K - 2 tomahawks of returning (quivered)
Press: ? - help, Shift-Dir - straight line, f/p - Rupert
Aim: Rupert, wielding a triple sword of holy wrath and wearing a scale mail (almost dead, berserk, fast, unusually strong, poisoned)
You throw a tomahawk of returning.
The tomahawk of returning barely misses Rupert.
The tomahawk of returning returns to your pack!
Unknown command.
Okay, then.
Throwing (i - inventory. (/) - cycle)
K - 2 tomahawks of returning (quivered)
Press: ? - help, Shift-Dir - straight line, f/p - Rupert
Aim: Rupert, wielding a triple sword of holy wrath and wearing a scale mail (almost dead, berserk, fast, unusually strong, poisoned)
You throw a tomahawk of returning.
The tomahawk of returning completely misses Rupert.
The tomahawk of returning returns to your pack!
Rupert hits you with a triple sword of holy wrath!!
You die...

#.......).....##
#.....[.)).....##
####.....)###[.....##
#..#.).[.###..).....#
#.......###)......##
###......#.......## ##
#.#....#))....## ##.####
####.).)...#.## #...#.##
#.@[...#### #......#
##@..##### ###.....##
#...).#<##
#........#####........##
#..(.((..##)#.......)..##
...(o.##..)@.......#......#
..((#
#...........##.......# .(.
##.........####.......# (
##.......## #.......##


You could see Rupert (berserk).

Vanquished Creatures
  Gastronok (D:8)
  An orc warlord (Orc:2)
  Snorg (D:10)
  Josephine (D:9)
  2 two-headed ogres (D:8)
  2 orc high priests (Orc:2)
  An orc knight (Orc:2)
  4 orc sorcerers (Orc:2)
  Joseph (D:8)
  2 trolls
  Grinder (D:3)
  A hippogriff (D:10)
  Sigmund (D:4)
  Eustachio (D:4)
  4 wraiths
  2 hungry ghosts
  Grum (D:8)
  A soldier ant (D:10)
  Duvessa (D:4)
  21 orc warriors
  2 phantoms
  An ice beast (D:5)
  4 wolves
  11 ogres
  A centaur (D:6)
  3 bullfrogs
  2 big kobolds
  Dowan (D:4)
  8 killer bees
  A wight (D:9)
  A howler monkey (D:6)
  4 crimson imps
  4 centaur zombies
  A bullfrog zombie (D:7)
  4 hounds
  14 orc priests
  A centaur skeleton (D:4)
  6 jellies
  A bullfrog skeleton (D:4)
  Jessica (D:3)
  An iguana (D:8)
  14 orc wizards
  7 worker ants
  A big kobold zombie (Ossuary)
  A hound skeleton (D:4)
  3 mummies (Ossuary)
  6 gnolls
  3 adders
  3 shadow imps
  7 oozes
  2 adder zombies
  4 dart slugs
  4 leopard geckos
  55 orcs
  7 bats
  3 giant cockroaches
  A gnoll zombie (Ossuary)
  4 goblins
  10 hobgoblins
  7 jackals
  36 kobolds
  5 quokkas
  2 ball pythons
  6 frilled lizards
  3 goblin zombies (Ossuary)
  3 hobgoblin zombies (Ossuary)
  2 kobold zombies (Ossuary)
  4 rats
  2 plants (D:4)
327 creatures vanquished.

Notes
Turn   | Place    | Note
-------+----------+-------------------------------------------
     0 | D:1      | Amnesiac the Mummy Assassin began the quest for the Orb.
     0 | D:1      | Reached XP level 1. HP: 16/16 MP: 1/1
   244 | D:1      | Reached skill level 2 in Throwing
   298 | D:1      | Reached XP level 2. HP: 16/22 MP: 2/2
   645 | D:1      | Reached XP level 3. HP: 17/27 MP: 3/3
   960 | D:2      | Reached skill level 3 in Throwing
  1302 | D:2      | Reached skill level 1 in Dodging
  1435 | D:3      | Noticed Grinder
  1439 | D:3      | Paralysed by Grinder for 3 turns
  1446 | D:3      | Killed Grinder
  1446 | D:3      | Reached skill level 4 in Throwing
  1446 | D:3      | Reached XP level 4. HP: 18/33 MP: 4/4
  1446 | D:3      | Reached XP level 5. HP: 21/38 MP: 5/5
  1450 | D:3      | Reached skill level 5 in Throwing
  1450 | D:3      | Reached XP level 6. HP: 14/44 MP: 6/6
  1764 | D:3      | Noticed Jessica
  1776 | D:3      | Killed Jessica
  2302 | D:3      | Found a blossoming altar of Fedhas.
  2304 | D:3      | Found an ancient bone altar of Kikubaaqudgha.
  2561 | D:4      | Noticed Duvessa
  2562 | D:4      | Noticed Dowan
  2564 | D:4      | Killed Duvessa
  2564 | D:4      | Reached skill level 6 in Throwing
  2579 | D:4      | Killed Dowan
  2579 | D:4      | Reached XP level 7. HP: 50/50 MP: 7/7
  3028 | D:4      | Noticed Eustachio
  3064 | D:4      | Killed Eustachio
  3064 | D:4      | Reached skill level 7 in Throwing
  3269 | D:4      | Reached XP level 8. HP: 53/56 MP: 8/8
  3447 | D:4      | Got a heavily runed bone ring
  3448 | D:4      | Found a staircase to the Ecumenical Temple.
  3456 | Temple   | Entered the Ecumenical Temple
  3763 | D:4      | Noticed Sigmund
  3782 | D:4      | Killed Sigmund
  3782 | D:4      | Reached skill level 8 in Throwing
  4235 | D:5      | Entered Level 5 of the Dungeon
  4513 | D:5      | Found a sand-covered staircase.
  4760 | D:4      | Reached skill level 9 in Throwing
  4807 | Ossuary  | Entered an ossuary
  5624 | D:5      | Identified the ring "Ropaozuw" {Wiz +Fly rElec Slay+3} (You took it off a gnoll on level 4 of the Dungeon)
  5771 | D:6      | Reached XP level 9. HP: 48/61 MP: 9/9
  5970 | D:6      | Reached skill level 10 in Throwing
  5977 | D:6      | Found an iron altar of Okawaru.
  6000 | D:6      | Became a worshipper of Warmaster Okawaru
  6018 | D:6      | Reached skill level 1 in Shields
  6858 | D:7      | Found a shadowy altar of Dithmenos.
  7189 | D:7      | Found a bloodstained altar of Trog.
  7224 | D:7      | Got a clouded bone ring
  7257 | D:7      | Identified the ring "Wuopp" {rPois rF+ rC+ rN+ Dex+2} (You found it on level 7 of the Dungeon)
  7638 | D:8      | Reached * piety under Okawaru
  7949 | D:8      | Noticed a two-headed ogre
  7986 | D:8      | Killed a two-headed ogre
  7986 | D:8      | Reached skill level 5 in Dodging
  7986 | D:8      | Reached XP level 10. HP: 22/67 MP: 10/10
  8242 | D:8      | Reached skill level 1 in Armour
  8261 | D:8      | Reached ** piety under Okawaru
  8331 | D:8      | Found a sacrificial altar of Ru.
  8479 | D:8      | Found a hazy altar of Hepliaklqana.
  8480 | D:8      | Found a radiant altar of Vehumet.
  8519 | D:8      | Noticed a two-headed ogre
  8547 | D:8      | Killed a two-headed ogre
  8647 | D:8      | Noticed Joseph
  8839 | D:8      | Killed Joseph
  8990 | D:8      | Noticed Grum
  9403 | D:8      | Noticed Gastronok
  9520 | D:8      | Killed Gastronok
  9520 | D:8      | Reached *** piety under Okawaru
  9585 | D:8      | Killed Grum
  9853 | D:9      | Reached **** piety under Okawaru
 10261 | D:8      | Found a deep blue altar of Sif Muna.
 10261 | D:8      | Found a white marble altar of Elyvilon.
 10261 | D:8      | Found a shattered altar of Ashenzari.
 10328 | D:9      | Reached XP level 11. HP: 72/72 MP: 11/11
 10439 | D:9      | Found Yjuthrom's Distillery.
 10710 | D:9      | Found a stormy altar of Qazlal.
 10964 | D:10     | Entered Level 10 of the Dungeon
 10978 | D:10     | Noticed Josephine
 10981 | D:10     | Found Labbaat's Book Shop.
 11014 | D:9      | Killed Josephine
 11204 | D:10     | Reached skill level 5 in Short Blades
 11440 | D:10     | Found a staircase to the Orcish Mines.
 11455 | D:10     | Found a roughly hewn altar of Beogh.
 11504 | D:10     | Reached ***** piety under Okawaru
 12262 | D:10     | Noticed Snorg
 12319 | D:10     | Killed Snorg
 12319 | D:10     | Received a gift from Okawaru
 12671 | Orc:1    | Entered Level 1 of the Orcish Mines
 13042 | Orc:2    | Entered Level 2 of the Orcish Mines
 13425 | Orc:2    | Received a gift from Okawaru
 13529 | Orc:2    | Noticed an orc sorcerer
 13582 | Orc:2    | Killed an orc sorcerer
 13679 | Orc:2    | Noticed an orc sorcerer
 13693 | Orc:2    | Killed an orc sorcerer
 13851 | Orc:2    | Noticed an orc sorcerer
 13868 | Orc:2    | Killed an orc sorcerer
 13874 | Orc:2    | Noticed an orc knight
 13916 | Orc:2    | Killed an orc knight
 13916 | Orc:2    | Reached skill level 1 in Invocations
 13925 | Orc:2    | Noticed an orc warlord
 13991 | Orc:2    | Killed an orc warlord
 14217 | Orc:2    | Noticed an orc high priest
 14271 | Orc:2    | Killed an orc high priest
 14271 | Orc:2    | Received a gift from Okawaru
 14271 | Orc:2    | Reached XP level 12. HP: 37/78 MP: 14/14
 14378 | Orc:2    | Noticed an orc high priest
 14385 | Orc:2    | Killed an orc high priest
 14498 | Orc:2    | Received a gift from Okawaru
 14936 | Orc:2    | Noticed Rupert
 14976 | Orc:2    | Reached skill level 5 in Invocations
 15001 | Orc:2    | Slain by Rupert

Skill      XL: |  1  2  3  4  5  6  7  8  9 10 11 12 |
---------------+-------------------------------------+-----
Throwing       | 2 4 5 6 7 9 10 | 10.0
Short Blades   | 2 3 8 |  8.1
Dodging        | 1 5 6 |  6.1
Stealth        | 4 |  4.0
Shields        | 4 |  4.0
Armour         | 7 |  7.1
Invocations    | 3 5 |  5.0
Fighting       | |  2.0

Action                   |  1- 3 |  4- 6 |  7- 9 | 10-12 || total
-------------------------+-------+-------+-------+-------++-------
Melee: Dagger            |   107 |       |   171 |       ||   278
       Blowgun           |       |       |       |     1 ||     1
 Fire: Hunting sling     |       |    86 |   479 |   239 ||   804
       Blowgun           |       |    10 |    52 |   316 ||   378
Throw: Javelin           |    10 |     3 |    32 |     8 ||    53
       Tomahawk          |       |       |       |   164 ||   164
Invok: Heroism           |       |       |       |     7 ||     7
       Finesse           |       |       |       |     1 ||     1
  Use: Scroll            |       |     5 |     5 |       ||    10
 Stab: Sleeping          |    10 |       |     1 |       ||    11
Armor: Robe              |    27 |     8 |    49 |       ||    84
       Plate armour      |       |       |    22 |    14 ||    36
       Leather armour    |       |       |       |    39 ||    39
Dodge: Dodged            |    66 |    21 |   103 |   143 ||   333
Block: Buckler           |       |       |    27 |    54 ||    81
